 Dungeon Crawl Stone Soup version 0.22-a0-601-gb0ed703 (webtiles) character file.

533 sking99 the Magician (level 7, -5/46 HPs)
             Began as a Demonspawn Wizard on July 6, 2018.
             Was an Initiate of Kikubaaqudgha.
             Shot with an arrow by a centaur (6 damage)
             ... on level 5 of the Dungeon.
             The game lasted 00:15:55 (6640 turns).

sking99 the Magician (Demonspawn Wizard)            Turns: 6640, Time: 00:15:56

Health: -5/46      AC:  3    Str:  7    XL:     7   Next: 4%
Magic:  8/14       EV: 12    Int: 22    God:    Kikubaaqudgha [......]
Gold:   198        SH:  0    Dex: 11    Spells: 4/15 levels left

rFire    . . .     SeeInvis .   l - +0 falchion (elec)
rCold    . . .     Gourm    .   (no shield)
rNeg     . . .     Faith    .   a - +0 robe
rPois    .         Spirit   .   b - +0 hat
rElec    .         Reflect  .   (no cloak)
rCorr    .         Harm     .   i - +0 pair of gloves
MR       .....                  (no boots)
Stlth    +++.......             (no amulet)
HPRegen  0.15/turn              (no ring)
MPRegen  0.14/turn              (no ring)

@: no status effects
A: antennae 1, nightstalker 1, powered by death 1
a: Renounce Religion


You were on level 5 of the Dungeon.
You worshipped Kikubaaqudgha.
Kikubaaqudgha was noncommittal.
You were not hungry.

You visited 2 branches of the dungeon, and saw 6 of its levels.

You collected 198 gold pieces.

Inventory:

Hand Weapons
 f - a +0 whip
 l - a +0 falchion of electrocution (weapon)
Armour
 a - a +0 robe (worn)
 b - a +0 hat (worn)
 i - a +0 pair of gloves (worn)
 m - a +0 buckler
Jewellery
 u - an uncursed ring of resist corrosion {unknown}
Scrolls
 c - 2 scrolls of remove curse
 r - 2 scrolls of teleportation {unknown}
Potions
 e - a potion of haste
 g - a potion of might
 h - a potion of degeneration {unknown}
 j - 2 potions of mutation {unknown}
 k - a potion of magic {unknown}
 n - a potion of curing {unknown}
 o - a potion of resistance {unknown}
 p - 2 potions of agility {unknown}
 q - 5 potions of heal wounds
Comestibles
 d - 6 rations
 s - 2 chunks of flesh


   Skills:
 - Level 1.7 Dodging
 - Level 1.7 Stealth
 + Level 4.9 Spellcasting
 + Level 3.2 Conjurations
 - Level 3.0 Summonings
 - Level 3.0 Translocations
 + Level 1.0 Fire Magic
 + Level 0.9 Air Magic
 + Level 1.0 Poison Magic


You had 4 spell levels left.
You knew the following spells:

 Your Spells              Type           Power        Failure   Level  Hunger
a - Magic Dart            Conj           ###.         2%          1    None
b - Blink                 Tloc           N/A          4%          2    None
c - Call Imp              Summ           ###.....     4%          2    None
d - Conjure Flame         Conj/Fire      ##......     13%         3    ##.....
e - Mephitic Cloud        Conj/Pois/Air  ##......     16%         3    ##.....

Your spell library contained the following spells:

 Spells                   Type           Power        Failure   Level  Hunger
 Slow                     Hex            #.......     16%         2    None


Dungeon Overview and Level Annotations

Branches:
Dungeon (5/15)             Temple (1/1) D:5

Altars:
Ashenzari
Cheibriados
Fedhas
Gozag
Hepliaklqana
Kikubaaqudgha
Makhleb
Nemelex Xobeh
Okawaru
Qazlal
Sif Muna
Uskayaw
Vehumet
Wu Jian
Yredelemnul
Zin
The Shining One

Shops:
D:4 %


Innate Abilities, Weirdness & Mutations

You have a pair of small antennae on your head.
You are slightly more attuned to the shadows.
You regenerate a little health from kills.


Message History

The iguana bites you!
Casting: Magic Dart (safe; 2% risk of failure)
Confirm with . or Enter, or press ? or * to list all spells.
Aiming: Magic Dart (safe; 2% risk of failure)
Press: ? - help, Shift-Dir - straight line, f/p - iguana
Aim: an iguana (heavily wounded)
The magic dart hits the iguana.
The iguana is heavily wounded.
The iguana bites you.
* * * LOW HITPOINT WARNING * * *
Casting: Magic Dart (safe; 2% risk of failure)
Confirm with . or Enter, or press ? or * to list all spells.
You blink.
There is a stone staircase leading down here.
The centaur shoots an arrow.
The arrow hits you!
* * * LOW HITPOINT WARNING * * *
You see here an arrow.
The centaur shoots an arrow.
The arrow hits you.
You die...
Kikubaaqudgha rasps: "You have failed me!
Welcome... death!"

...........#
##########.#
##########.#
...)).)[...#
.########..# .#
#...# .# #..##### .#
#.)#...####### ##
#..#.....@(..#####
#.......####...c.#
#...###.########l#
#..........# ###>###
#
#.#.###.##.###.....#
# #...#
#........###l## #
#...###.##.###รท#
#.c# # ##........#.#
#.###..# #
#...#####...#
#..(...#


You could see a centaur.

Vanquished Creatures
  A water moccasin zombie (D:5)
  A howler monkey (D:5)
  A hound (D:4)
  An orc priest (D:5)
  A bullfrog skeleton (D:5)
  An iguana (D:5)
  A worker ant (D:4)
  A hound zombie (D:5)
  6 gnolls
  6 adders
  An ooze (D:2)
  A worm (D:3)
  4 dart slugs
  2 leopard geckos
  7 orcs
  2 ball pythons
  2 giant cockroaches
  10 goblins
  11 hobgoblins
  4 jackals
  8 kobolds
  3 quokkas
  10 bats
  4 frilled lizards
  5 rats
94 creatures vanquished.

Vanquished Creatures (collateral kills)
  Terence (D:2)
  A worker ant (D:4)
  An iguana (D:2)
  2 gnolls (D:2)
  An adder (D:2)
  A dart slug (D:2)
  An orc (D:4)
  A bat (D:2)
  A frilled lizard (D:4)
10 creatures vanquished.

Grand Total: 104 creatures vanquished

Notes
Turn   | Place    | Note
-------+----------+-------------------------------------------
     0 | D:1      | sking99 the Demonspawn Wizard began the quest for the Orb.
     0 | D:1      | Reached XP level 1. HP: 13/13 MP: 4/4
   354 | D:1      | Gained mutation: You have a pair of small antennae on your head. [demonic ancestry]
   354 | D:1      | Reached XP level 2. HP: 13/19 MP: 0/6
   653 | D:1      | Learned a level 2 spell: Blink
   656 | D:1      | Learned a level 2 spell: Call Imp
   845 | D:1      | Reached skill level 1 in Translocations
  1032 | D:2      | Noticed Terence
  1182 | D:2      | Killed Terence
  1182 | D:2      | Gained mutation: You are slightly more attuned to the shadows. [demonic ancestry]
  1182 | D:2      | Reached XP level 3. HP: 6/24 MP: 1/7
  1606 | D:2      | Reached XP level 4. HP: 16/30 MP: 5/9
  3093 | D:2      | Reached XP level 5. HP: 20/35 MP: 3/10
  3484 | D:3      | Learned a level 3 spell: Conjure Flame
  3488 | D:3      | Learned a level 3 spell: Mephitic Cloud
  4055 | D:3      | Found an opulent altar of Gozag.
  4057 | D:3      | Found a blossoming altar of Fedhas.
  4257 | D:2      | Found a deep blue altar of Sif Muna.
  4314 | D:4      | Found a glowing golden altar of the Shining One.
  4323 | D:4      | Found a shattered altar of Ashenzari.
  4368 | D:4      | Reached skill level 4 in Spellcasting
  4476 | D:4      | Found a sparkling altar of Nemelex Xobeh.
  4863 | D:4      | Gained mutation: You regenerate a little health from kills. [demonic ancestry]
  4863 | D:4      | Reached XP level 6. HP: 41/41 MP: 8/12
  4998 | D:4      | Found Vaitzu's Food Boutique.
  5594 | D:5      | Entered Level 5 of the Dungeon
  6050 | D:5      | Found a staircase to the Ecumenical Temple.
  6073 | Temple   | Entered the Ecumenical Temple
  6104 | Temple   | Became a worshipper of Kikubaaqudgha
  6552 | D:5      | Reached skill level 1 in Fire Magic
  6552 | D:5      | Reached skill level 1 in Poison Magic
  6552 | D:5      | Reached XP level 7. HP: 33/46 MP: 6/14
  6639 | D:5      | HP: 1/46 [centaur/arrow (12)]
  6640 | D:5      | Shot with an arrow by a centaur

Vault maps used:
D:1:      lemuel_arrival_broad_hall, st_stairs_12
D:2:      nicolae_overflow_hidden_temple, first_ration, minmay_hedge_maze,
          minivault_19, uniq_terence
D:3:      amethyst_overflow_temple_binary
D:4:      ashenzari_conservatory_becter, tso_oasis_becter,
          nemelex_xobeh_ov_fountains_minmay, serial_shops, nicolae_shop_trees,
          st_stairs_12, minmay_surrounded
D:5:      minmay_temple_entry_crystal_x
Temple:   minmay_freezing_vapour_temple

Skill      XL: |  1  2  3  4  5  6 |
---------------+-------------------+-----
Conjurations   | 2 3 |  3.2
Translocations | 1 2 3 |  3.0
Summonings     | 2 3 |  3.0
Spellcasting   | 4 |  4.9
Fire Magic     | 1 |  1.0
Poison Magic   | 1 |  1.0
Dodging        | |  1.7
Stealth        | |  1.7
Air Magic      | |  0.9

Action                   |  1- 3 |  4- 6 |  7- 9 || total
-------------------------+-------+-------+-------++-------
Melee: Unarmed           |     3 |       |       ||     3
       Whip              |     1 |    10 |       ||    11
       Scimitar          |       |    13 |       ||    13
       Falchion          |       |     5 |       ||     5
 Cast: Magic Dart        |    60 |   209 |     8 ||   277
       Call Imp          |     4 |     9 |       ||    13
       Blink             |       |     6 |     1 ||     7
  Use: Scroll            |       |     7 |       ||     7
  Eat: Chunk             |       |    11 |       ||    11
       Ration            |       |     2 |       ||     2
Armor: Robe              |       |    14 |       ||    14
Dodge: Dodged            |     8 |    74 |     2 ||    84
       Rpst.: Scimitar   |       |    11 |       ||    11
       Falchion          |       |     4 |       ||     4

Table legend:
 A = Spawn XP
 B = Non-spawn XP
 C = Spawn XP percentage of total XP
 D = Spawn monster count
 E = Non-spawn monster count
 F = Spawn count percentage of total count
 G = Total turns spent on level
                    A         B        C        D         E        F      G
               +---------+---------+-------+---------+---------+-------+---------
         Total |       0 |     762 |   0.0 |       0 |     104 |   0.0 |  6640
               +---------+---------+-------+---------+---------+-------+---------
           D:1 |       0 |      34 |   0.0 |       0 |      17 |   0.0 |  1269
           D:2 |       0 |     157 |   0.0 |       0 |      37 |   0.0 |  1959
           D:3 |       0 |      96 |   0.0 |       0 |      23 |   0.0 |  1237
           D:4 |       0 |     169 |   0.0 |       0 |      12 |   0.0 |  1129
           D:5 |       0 |     306 |   0.0 |       0 |      15 |   0.0 |  1009
               +---------+---------+-------+---------+---------+-------+---------
